 Dungeon Crawl Stone Soup version 0.19-a0-1442-g3b32ff5 (webtiles) character file.

215 Amnesiac the Changer (level 5, -7/35 HPs)
             Began as an Octopode Transmuter on Sept 6, 2016.
             Killed by divine providence
             ... invoked by an orc priest
              (10 damage)
             ... on level 4 of the Dungeon.
             The game lasted 00:02:30 (1747 turns).

Amnesiac the Changer (Octopode Transmuter)          Turns: 1747, Time: 00:02:31

Health: -7/35      AC:  2    Str: 10    XL:     5   Next: 92%
Magic:  3/8        EV: 20    Int: 15    God:
Gold:   62         SH:  0    Dex: 18    Spells: 3 memorised, 3 levels left

rFire  . . .     SeeInvis .       - Unarmed
rCold  . . .     Gourm    +     (shield currently unavailable)
rNeg   . . .     Faith    .     (helmet currently unavailable)
rPois  x         Spirit   .     j - amulet of the gourmand
rElec  .         Dismiss  .     (no ring)
rCorr  .         Reflect  .     (no ring)
MR     .....     Harm     .     (no ring)
Stlth  ++........               (no ring)
                                (no ring)
                                (no ring)
                                (no ring)
                                (no ring)

@: spider-form, very slightly contaminated
A: almost no armour, stealthy swim, (amphibious), 8 rings, (constrict 8),
(camouflage 0), (gelatinous body 0)
a: End Transformation


You were on level 4 of the Dungeon.
You were hungry.
You were a venomous arachnid creature.
You visited 1 branch of the dungeon, and saw 4 of its levels.

You collected 62 gold pieces.

Inventory:

Missiles
 a - 26 arrows
Jewellery
 j - an amulet of the gourmand (around neck)
Scrolls
 d - a scroll of magic mapping {unknown}
 h - a scroll of remove curse {unknown}
 k - a scroll of random uselessness {unknown}
Potions
 e - a potion of flight {unknown}
 g - a potion of haste {unknown}
 i - a potion of berserk rage {unknown}
Books
 b - a book of Changes

   Spells                             Type                      Level
   a - Beastly Appendage              Transmutation                1
   b - Sticks to Snakes               Transmutation                2
   c - Spider Form                    Transmutation/Poison         3
   d - Ice Form                       Ice/Transmutation            4
   e - Blade Hands                    Transmutation                5
Comestibles
 c - a bread ration
 f - a slice of pizza


   Skills:
 + Level 2.6 Fighting
 + Level 2.6 Dodging
 * Level 3.8 Unarmed Combat
 + Level 2.5 Spellcasting
 * Level 4.0 Transmutations


You had 3 spell levels left.
You knew the following spells:

 Your Spells              Type           Power        Failure   Level  Hunger
a - Beastly Appendage     Tmut           ##....       14%         1    #......
d - Sticks to Snakes      Tmut           ##......     21%         2    ###....
e - Spider Form           Tmut/Pois      #.........   52%         3    ###....


Dungeon Overview and Level Annotations

Branches:
Dungeon (4/15)
 Temple: D:4-7

Altars:
Okawaru


Innate Abilities, Weirdness & Mutations

You cannot wear most types of armour.
You are very stealthy in the water.
((You are amphibious.))
You can wear up to eight rings at the same time.
((You can use your tentacles to constrict eight enemies at once.))
((Your skin changes colour to match your surroundings (Stealth+).))
((Your rubbery body absorbs attacks. (AC +1, EV +1)))


Message History

* * * LOW HITPOINT WARNING * * *
You are too injured to fight recklessly!
You are too injured to fight recklessly!
Unknown command.
You barely miss the orc priest.
The orc priest is heavily wounded.
The orc priest looks braver for a moment.
Unknown command.
You hit the orc priest.
The orc priest is heavily wounded.
You are feeling hungry.
You hear a shout!
An orc wizard comes into view. It is wielding a dagger.
Unknown command.
You hit the orc priest but do no damage.
The orc priest looks as sick as possible!
The orc priest is severely wounded.
The orc priest invokes the aid of Beogh against you.
Beogh smites you!
You die...

................#.........
..........#.###.#.###.....
##...####.#........# ...
##...<....###......# #
.....###### #.###..#
##...# #.# #..# ##.##
#.###..# ..# #......# #.#
#..os..# #.#
###o########## .#
#......o..o. ############


You could see an orc priest and an orc wizard.

Vanquished Creatures
  4 orc wizards (D:3)
  A worker ant (D:4)
  A gnoll (D:1)
  3 adders (D:4)
  An ooze (D:1)
  A dart slug (D:1)
  6 orcs
  5 bats
  A giant cockroach (D:2)
  A goblin (D:1)
  3 hobgoblins
  2 giant newts (D:1)
  2 kobolds (D:1)
  4 rats
35 creatures vanquished.

Notes
Turn   | Place    | Note
-------+----------+-------------------------------------------
     0 | D:1      | Amnesiac the Octopode Transmuter began the quest for the Orb.
     0 | D:1      | Reached XP level 1. HP: 13/13 MP: 3/3
    64 | D:1      | Reached skill level 3 in Transmutations
    64 | D:1      | Reached XP level 2. HP: 13/18 MP: 3/5
   349 | D:1      | Reached XP level 3. HP: 1/24 MP: 4/6
   645 | D:1      | Learned a level 3 spell: Spider Form
   648 | D:1      | Learned a level 2 spell: Sticks to Snakes
   840 | D:3      | Reached XP level 4. HP: 24/29 MP: 3/7
   977 | D:3      | Reached XP level 5. HP: 14/35 MP: 5/8
  1525 | D:4      | Found an iron altar of Okawaru.
  1722 | D:4      | Reached skill level 4 in Transmutations
  1747 | D:4      | Killed from afar by an orc priest

Vault maps used:
D:1:      ncdulo_watergridlock
D:2:      minmay_crystal_water, kennysheep_decorative_pillar
D:3:      ecumenical_altar_1
D:4:      nicolae_gozag_zags_fifth_avenue, okawaru_trees_2

Skill      XL: |  1  2  3  4  5 |
---------------+----------------+-----
Transmutations | 3 4 |  4.0
Fighting       | 2 |  2.6
Dodging        | |  2.6
Unarmed Combat | |  3.8
Spellcasting   | |  2.5

Action                   |  1- 3 |  4- 6 || total
-------------------------+-------+-------++-------
Melee: Unarmed           |    55 |    59 ||   114
       Constrict         |    12 |     3 ||    15
       Tentacles         |     3 |     4 ||     7
       Kick              |     3 |       ||     3
       Punch             |       |     1 ||     1
 Cast: Beastly Appendage |     7 |       ||     7
       Spider Form       |     2 |     9 ||    11
 Stab: Sleeping          |     3 |     2 ||     5
  Eat: Chunk             |       |     5 ||     5
Armor: Skin              |     5 |       ||     5
Dodge: Dodged            |    26 |    31 ||    57
